 Dungeon Crawl Stone Soup version 0.31-a0-232-gb1c03b2570 (webtiles) character file.

Game seed: 7129788858595884863

87 qw the Shooter (level 4, -1/36 HPs)
             Began as a Minotaur Hexslinger on July 7, 2023.
             Constricted to death by Ijyb (4 damage)
             ... on level 3 of the Dungeon.
             The game lasted 00:00:45 (1679 turns).

qw the Shooter (Minotaur Hexslinger)                Turns: 1679, Time: 00:00:46

Health: -1/36      AC:  6    Str: 12    XL:     4   Next: 28%
Magic:  4/4        EV:  8    Int: 10    God:
Gold:   105        SH:  0    Dex: 15    Spells: 4/5 levels left

rFire   . . .        Y - +1 sling
rCold   . . .        (no shield)
rNeg    . . .        d - +0 ring mail
rPois   .            (helmet restricted)
rElec   .            a - +0 cloak
rCorr   .            (no gloves)
SInv    .            (no boots)
Will    .....        (no amulet)
Stlth   +            (no ring)
HPRegen 0.26/turn    (no ring)
MPRegen 0.09/turn

%: no passive effects
@: grasped by roots, constricted
A: horns 2, retaliatory headbutt
a: no special abilities


You were on level 3 of the Dungeon.
You visited 1 branch of the dungeon, and saw 3 of its levels.

You collected 105 gold pieces.


Innate Abilities, Weirdness & Mutations

You have a pair of horns on your head.
You reflexively headbutt those who attack you in melee.


   Skills:
 - Level 2.0 Fighting
 + Level 4.5 Ranged Weapons
 - Level 1.2 Armour
 - Level 2.1 Dodging
 - Level 1.0 Spellcasting
 - Level 2.0 Hexes


You had 4 spell levels left.
You knew the following spells:

 Your Spells              Type           Power      Damage    Failure   Level
a - Slow                  Hex            16%        N/A       34%         1

Your spell library contained the following spells:

 Spells                   Type           Power      Damage    Failure   Level
 Inner Flame              Hex/Fire       2%         N/A       83%         3
 Portal Projectile        Hex/Tloc       4%         N/A       83%         3
 Cause Fear               Hex            2%         N/A       98%         4

Inventory:

Hand Weapons
 Y - a +1 sling (weapon)
Armour
 a - a +0 cloak (worn)
 d - a +0 ring mail (worn)
Jewellery
 i - a +6 ring of dexterity
Scrolls
 e - a scroll of teleportation {unknown}
 f - a scroll of identify
 g - a scroll of fear {unknown}
 h - a scroll of blinking {unknown}
Potions
 b - a potion of degeneration {unknown}
 c - a potion of resistance {unknown}
 j - a potion of lignification {unknown}
 k - a potion of heal wounds {unknown}
 l - 2 potions of attraction {unknown}

Dungeon Overview and Level Annotations

Branches:
Dungeon (3/15)

Altars:
Ashenzari
Nemelex Xobeh
Trog
Vehumet
Yredelemnul
Zin

Annotations:
D:3 Ijyb


Message History

You see here a bat corpse.
A ball python and Ijyb come into view.
Ijyb is wielding a +0 club and carrying a wand of roots (14).
The ball python hisses angrily.
Ijyb shouts!
Ijyb screams, "Me stronger than you!"
Ijyb zaps a wand.
The roots erupt in riotous growth!
The grasping roots grab you! The grasping roots constrict you.
Enter note:
Enter note:
Enter note:
Enter note: You shoot a sling bullet.
The sling bullet hits the ball python!
You kill the ball python!
The grasping roots constrict you.
You shoot a sling bullet. The sling bullet closely misses Ijyb.
The grasping roots constrict you. x2
You shoot a sling bullet.
The sling bullet hits Ijyb but does no damage.
Ijyb hits you but does no damage. The grasping roots constrict you.
The grasping roots release their grip on you.
You shoot a sling bullet. The sling bullet hits Ijyb.
Ijyb is moderately wounded.
Ijyb hits you but does no damage.
You shoot a sling bullet. The sling bullet misses Ijyb.
Ijyb closely misses you. x2
You shoot a sling bullet.
The sling bullet hits Ijyb but does no damage.
Ijyb is moderately wounded.
Ijyb zaps a wand.
The roots erupt in riotous growth!
The grasping roots grab you!
Ijyb is unaffected.
The grasping roots constrict you!
You shoot a sling bullet. The sling bullet hits Ijyb!
Ijyb is heavily wounded.
Ijyb closely misses you. The grasping roots constrict you.
You shoot a sling bullet. The sling bullet hits Ijyb.
Ijyb is severely wounded.
Ijyb hits you with a +0 club. The grasping roots constrict you.
Ijyb hits you with a +0 club. The grasping roots constrict you.
You die... ####...###### 777777 ##### 77....777 7777..777..777 .[)...7 777..777 77...77 777..77 7...7777 777%77

777.....7
77.7
....7777.7
7@7 .7777
7..g...7
77
777.....7
7 .....7
7(..77


7777 You could see Ijyb.

Vanquished Creatures
  2 adders
  A worm (D:2)
  An orc (D:3)
  4 endoplasms
  11 hobgoblins
  7 kobolds
  2 quokkas (D:2)
  7 ball pythons
  12 bats
  2 frilled lizards
  5 goblins
  7 rats
61 creatures vanquished.

Notes
Turn   | Place    | Note
-------+----------+-------------------------------------------
     0 | D:1      | qw the Minotaur Hexslinger began the quest for the Orb.
     0 | D:1      | Reached XP level 1. HP: 16/16 MP: 1/1
     0 | D:1      | 0 ||| qw: Version: 0.3-a-46-gb1f654a
     0 | D:1      | 0 ||| qw: Game counter: 2973
     0 | D:1      | 0 ||| qw: Melee chars always use a shield: true
     0 | D:1      | 0 ||| qw: God list: Okawaru
     0 | D:1      | 0 ||| qw: Allow faded altars: false
     0 | D:1      | 0 ||| qw: Do Orc after clearing Dungeon:15 true
     0 | D:1      | 0 ||| qw: Do second Lair branch before Depths: true
     0 | D:1      | 0 ||| qw: Lair rune preference: random
     0 | D:1      | 0 ||| qw: Goals: Normal
     0 | D:1      | 0 ||| PLANNING D:1-11
   100 | D:1      | Reached skill level 3 in Ranged Weapons
   105 | D:1      | Reached XP level 2. HP: 23/23 MP: 2/2
   576 | D:1      | Reached XP level 3. HP: 29/29 MP: 3/3
   584 | D:1      | 584 ||| UPGRADING to +0 leather armour.
   594 | D:1      | 594 ||| DROPPING +0 robe.
   595 | D:1      | 595 ||| DROPPING +6 ring of intelligence.
   596 | D:1      | 596 ||| READING scroll labelled YSMINUUPSA.
   597 | D:1      | 597 ||| READING scroll labelled USHE PUAKURURR.
   598 | D:1      | 598 ||| READING scroll labelled LARAYSMIUWA.
   599 | D:1      | 599 ||| DROPPING scroll of poison.
   829 | D:2      | Reached skill level 4 in Ranged Weapons
  1075 | D:2      | 1075 ||| UPGRADING to +0 cloak.
  1080 | D:2      | 1080 ||| UPGRADING to +0 ring mail.
  1090 | D:2      | 1090 ||| DROPPING +0 leather armour.
  1091 | D:2      | 1091 ||| DRINKING 3 orange potions.
  1101 | D:2      | 1101 ||| DROPPING 2 potions of ambrosia.
  1175 | D:3      | Reached skill level 1 in Armour
  1175 | D:3      | Reached XP level 4. HP: 36/36 MP: 4/4
  1179 | D:3      | Found a glowing silver altar of Zin.
  1541 | D:3      | Found a broken altar of Ashenzari.
  1551 | D:3      | Found a radiant altar of Vehumet.
  1551 | D:3      | Found a bloodstained altar of Trog.
  1553 | D:3      | Found a basalt altar of Yredelemnul.
  1559 | D:3      | Found a sparkling altar of Nemelex Xobeh.
  1671 | D:3      | Noticed Ijyb
  1679 | D:3      | HP: 4/36 [constriction (6)]
  1679 | D:3      | Constricted to death by Ijyb

Levels and vault maps discovered:
D:1:      spicycebolla_green_bress_n_ham_2, layout_basic
D:2:      layout_rooms
D:3:      kb_forest_paths, layout_rooms, mainiacjoe_overflow_brackets,
          minitemple, minmay_distorted, uniq_ijyb

Skill      XL: |  1  2  3 |
---------------+----------+-----
Ranged Weapons | 3 4 |  4.5
Fighting       | 2 |  2.0
Armour         | 1 |  1.2
Dodging        | |  2.1
Spellcasting   | |  1.0
Hexes          | |  2.0

Action                     |  1- 3 |  4- 6 || total
---------------------------+-------+-------++-------
   Fire: Sling             |   139 |    36 ||   175
    Use: Scroll            |     3 |       ||     3
         Potion            |     1 |       ||     1
 Armour: Robe              |    13 |       ||    13
         Leather armour    |     9 |       ||     9
         Ring mail         |     1 |    12 ||    13
  Dodge: Dodged            |    39 |     7 ||    46

Table legend:
 A = Non-vault XP
 B = Vault XP
 C = Vault XP percentage of total XP
 D = Non-vault monster count
 E = Vault monster count
 F = Vault count percentage of total count
                 A         B        C        D         E       F
            +---------+---------+-------+---------+---------+-------
      Total |     113 |      12 |   9.6 |      55 |       6 |   9.8
            +---------+---------+-------+---------+---------+-------
        D:1 |      44 |       0 |   0.0 |      29 |       0 |   0.0
        D:2 |      42 |       0 |   0.0 |      16 |       0 |   0.0
        D:3 |      27 |      12 |  30.8 |      10 |       6 |  37.5
            +---------+---------+-------+---------+---------+-------
